[Event "DFMM-LV 2023"]
[Site "Braunfels"]
[Date "2023.06.10"]
[Round "4.17"]
[White "Hund, Sarah"]
[Black "Rogule, Laura"]
[Result "1/2-1/2"]
[Annotator "TA"]
[ECO "B22"]
[WhiteElo "1977"]
[BlackElo "2218"]
[PlyCount "95"]
[EventDate "2023.06.09"]
[EventType "team-tourn"]
[EventCountry "GER"]
[SourceTitle "playchess.com"]
[Source "ChessBase"]
[SourceQuality "1"]
[TimeControl "40/5400+30:1800+30"]

1. e4 c5 2. c3 d5 3. exd5 Qxd5 4. d4 Nc6 5. Nf3 Bg4 6. dxc5 Qxd1+ 7. Kxd1 e5 {[%emt 0:13:51][%cal Be7e5,Be5e4][%mdl 32] B22: Sicilian: 2 c3.} (7... e6 $5 ) 8. b4 a5 9. Bb5 (9. b5 $1 $14 Nd8 10. c6) 9... Nge7 10. a3 (10. Kc2 $11) 10... axb4 $15 11. cxb4 O-O-O+ 12. Nbd2 (12. Ke1 $1 $11) 12... e4 {[%emt 0:09:28][%mdl 64] [#] Pin} 13. Bxc6 Nxc6 (13... bxc6 14. h3 $11) 14. h3 $1 {[%emt 0:03:09] [#] White is weak on the light squares} Bf5 $146 ({Don't take} 14... Bxf3+ 15. gxf3 exf3 16. Bb2 $14) (14... Be6 $15 15. Ng5 Bd5) ({Predecessor:} 14... exf3 15. hxg4 fxg2 16. Rg1 h5 17. gxh5 Rxh5 18. Rxg2 Nd4 19. Rg1 g6 20. Ra2 Bh6 21. Rf1 Bf4 22. f3 Nb3 23. Rb2 Nxd2 24. Bxd2 Rh2 {0-1 Andreescu,D (1945)-Secheres,A (2166) ROM-chT2 Olanesti 2013 (6.4)}) 15. Ng5 $11 Bg6 16. Re1 $1 f5 17. Ne6 {[%emt 0:07:08] Prevents Nd4.} Rd7 18. Bb2 Bf7 19. Nxf8 (19. Bxg7 $2 {perishes.} Bxg7 20. Nxg7 Rhd8 $19) 19... Rxf8 20. Kc2 Rfd8 21. Nf1 (21. Rad1 $5 ) 21... Rd3 {[%emt 0:01:01][%mdl 1024] Black has compensation.} (21... Nd4+ {simplifies} 22. Bxd4 Rxd4 23. h4 Kc7) 22. Bc3 g6 (22... Rxc3+ {simplifies} 23. Kxc3 Rd3+ 24. Kb2 Rb3+) 23. Ne3 (23. Kb2 $11) 23... f4 (23... Nd4+ $15 24. Kb2 Nb5) 24. Ng4 $1 Nd4+ 25. Kb2 {[%emt 0:05:06] [#] Ne5 would be deadly.} (25. Bxd4 {simplifies} R3xd4 26. Ne5 Be6 27. Kc3) 25... Nb5 $1 26. Rac1 ({Not} 26. Ne5 $2 Rxc3 27. Nxf7 Rd2+ 28. Kb1 Rxf2 $19) 26... Nxc3 27. Rxc3 Rxc3 (27... Rd2+ $11 28. Rc2 R2d3) 28. Kxc3 {[%emt 0:00:04][%mdl 4096] Endgame KRB-KRN} Rd3+ 29. Kc2 {[%emt 0:01:48] Hoping for Ne5.} Bb3+ 30. Kb2 {[%emt 0:00:31] Black must now prevent Ne5.} Bd5 31. Nf6 {[%emt 0:01:39][%csl LRe4,LRh7] aiming for Nxd5.} Bc6 (31... g5 $16 {might work better.}) 32. Nxe4 $18 Bxe4 (32... Kd7 {keeps fighting.} 33. f3 h6) 33. Rxe4 {[%emt 0:00:02] KR-KR} Rd2+ 34. Kc3 Rxf2 35. Kd4 $2 (35. b5 $18 {is more deadly.}) 35... g5 $16 36. Re8+ Kd7 37. Rh8 Rxg2 38. Rxh7+ Kc8 39. Ke4 Rg3 40. h4 Re3+ 41. Kf5 {[%emt 0:31:16] White is more active.} ({White should try} 41. Kd4 $1 $14 gxh4 42. Rxh4) 41... gxh4 {[%emt 0:02:04] The position is equal.} 42. Kxf4 Rxa3 43. Ke5 Rh3 44. Kd5 Rh1 45. Kd6 Rd1+ 46. Ke6 Re1+ 47. Kd5 Rh1 48. Kd6 {[%emt 0:00:00] Black escapes into a draw.   Weighted Error Value: White=0.19 (very precise) /Black=0.18 (very precise)} 1/2-1/2

[Event "DFMM-LV 2023"]
[Site "Braunfels"]
[Date "2023.06.10"]
[Round "4.18"]
[White "Otikova, Elina"]
[Black "Novikova, Margarita"]
[Result "1/2-1/2"]
[Annotator "TA"]
[ECO "C42"]
[WhiteElo "2047"]
[BlackElo "1985"]
[PlyCount "102"]
[EventDate "2023.06.09"]
[EventType "team-tourn"]
[EventCountry "GER"]
[SourceTitle "playchess.com"]
[Source "ChessBase"]
[SourceQuality "1"]
[TimeControl "40/5400+30:1800+30"]

1. e4 e5 2. Nf3 Nf6 3. Nxe5 d6 4. Nf3 Nxe4 5. c4 Be7 6. d4 O-O {[%emt 0:05:27] C42: Petroff Defence: 3 Nxe5 and unusual White 3rd moves.} 7. Bd3 d5 {[%emt 0:05:38] has lost popularity (7...Nf6).} 8. Qc2 Nf6 9. Be3 {[%emt 0:06:35] [#]} dxc4 $146 ({Predecessor:} 9... c5 10. cxd5 cxd4 11. Nxd4 Qxd5 12. Nc3 Qh5 13. h3 Nc6 14. Nf5 Bxf5 15. Bxf5 Nb4 {1-0 Vuckovic,S-Stankovic,D (2208) SRB-chT2 East 2006 (5.2)}) 10. Bxc4 Nc6 11. a3 {[%emt 0:12:15] Against Nb4} Bg4 {[%emt 0:03:18] ...Bxf3 would be deadly.} 12. Nbd2 Nd5 13. O-O Bf6 14. Bb5 (14. Rac1 {keeps more tension.} Re8 15. Rfe1 a6 16. h3) 14... Nce7 15. h3 Bf5 16. Ne4 Ng6 17. Nxf6+ (17. Bd3 $5 Kh8 18. Nc5 Bxd3 19. Qxd3 $11) 17... Qxf6 18. Qc5 {[%emt 0:06:06] [#]} (18. Bd3 $15 Bxd3 19. Qxd3) 18... Be6 ({Black should try} 18... Be4 $1 $17 19. Ng5 Bxg2 20. Kxg2 c6) 19. Bg5 $11 Qf5 {[%emt 0:00:01] White must now prevent ...b6.} 20. Rad1 {[%emt 0:00:58] aiming for Bd3.} Ngf4 {[%emt 0:00:37] Wards off Bd3} 21. Bxf4 Qxf4 22. Qc1 (22. Rfe1 $11) 22... Qxc1 $15 23. Rxc1 c6 24. Bc4 Nf4 25. Rfe1 Rad8 26. Bxe6 Nxe6 27. Red1 Rd5 28. Rd2 Rfd8 29. Rcd1 g5 30. Kh2 h5 31. g4 hxg4 32. hxg4 Kg7 33. Kg3 Rh8 34. Re1 Nf4 (34... Kg6 $17 {Strongly threatening ...Nf4.} 35. Re4 Rd6) 35. Nxg5 $1 $11 {[%emt 0:00:37][%mdl 64] Remove Defender} Nh5+ 36. gxh5 Rxg5+ {[%emt 0:00:00][%mdl 4096] Endgame KRR-KRR} 37. Kf4 Rhxh5 38. Re5 Kf6 39. Rxg5 Rxg5 {[%emt 0:00:01] KR-KR} 40. Ke4 Ke6 41. f4 Rh5 42. Re2 Rh3 43. f5+ Kf6 44. Rf2 Rh4+ 45. Kd3 Rg4 46. Ke3 Rg1 47. Ke4 Rh1 48. Ke3 {[%emt 0:01:32] [#]} (48. Rf3 $15) 48... Rh4 (48... a5 $1 $17) 49. Kd3 $15 Rg4 (49... Rh5 $15) 50. Ke3 $17 Ke7 (50... a6 $17) 51. Rh2 Kf6 {[%emt 0:01:43] Weighted Error Value: White=0.16 (very precise) /Black=0.18 (very precise)} 1/2-1/2

[Event "DFMM-LV 2023"]
[Site "Braunfels"]
[Date "2023.06.10"]
[Round "4.20"]
[White "Safonova, Valeria"]
[Black "Haug, Mara"]
[Result "1/2-1/2"]
[Annotator "NA RC COMBH"]
[ECO "B20"]
[WhiteElo "1753"]
[BlackElo "1754"]
[PlyCount "94"]
[EventDate "2023.06.09"]
[EventType "team-tourn"]
[EventCountry "GER"]
[SourceTitle "playchess.com"]
[Source "ChessBase"]
[SourceQuality "1"]
[TimeControl "40/5400+30:1800+30"]

1. e4 c5 2. b3 Nc6 3. Bb2 e6 4. Nc3 Nf6 5. Bb5 Be7 6. Nge2 a6 7. Bxc6 bxc6 8. d3 O-O 9. O-O Qc7 10. f4 d5 11. Ng3 Rd8 12. e5 Nd7 13. Qg4 Kh8 14. Rae1 a5 15. Na4 Nb6 16. Nxb6 Qxb6 17. f5 Rg8 18. f6 gxf6 19. Qh4 Qc7 20. exf6 Bd6 21. Nh5 Rg6 22. Ng7 Bd7 23. Rf3 e5 24. Nf5 Bxf5 25. Rxf5 h6 26. Rh5 Kh7 27. Bc1 Bf8 28. Re3 Qd6 29. Rhxe5 Qxf6 30. Qxf6 Rxf6 31. Re8 Rxe8 32. Rxe8 Bg7 33. Ra8 Rf5 34. Be3 Bc3 35. Bxc5 Kg6 36. Ra6 Rf6 37. Ba7 Kh5 38. g3 Kg4 39. Kg2 h5 40. Bb8 h4 41. h3+ Kh5 42. g4+ Kg6 43. Bc7 Bd4 44. Bxa5 Rf2+ 45. Kh1 Rf1+ 46. Kg2 Rf2+ 47. Kh1 Rf1+ 1/2-1/2

[Event "DFMM-LV 2023"]
[Site "Braunfels"]
[Date "2023.06.10"]
[Round "4.21"]
[White "Wellenreich, Jenni"]
[Black "Hartung, Katja"]
[Result "1/2-1/2"]
[Annotator "TA"]
[ECO "D31"]
[WhiteElo "1828"]
[BlackElo "1944"]
[PlyCount "68"]
[EventDate "2023.06.09"]
[EventType "team-tourn"]
[EventCountry "GER"]
[SourceTitle "playchess.com"]
[Source "ChessBase"]
[SourceQuality "1"]
[TimeControl "40/5400+30:1800+30"]

1. d4 d5 2. c4 e6 3. Nc3 c6 4. Nf3 dxc4 5. a4 Bb4 6. e3 b5 7. Bd2 Nf6 8. b3 {[%emt 0:04:10] D31: Queen's Gambit Declined: Semi-Slav without ...Nf6 (+ Marshall Gambit and Noteboom) and Exchange Variation lines without ...Nf6.} (8. axb5 $14 Bxc3 {[%mdl 64] Remove Defender} 9. Bxc3) 8... Bxc3 $11 9. Bxc3 Nd5 10. Qd2 Nxc3 11. Qxc3 a5 12. bxc4 b4 $36 {[%emt 0:00:10][%mdl 2048] Black has the initiative.} 13. Qc2 {[%emt 0:00:59] [#]} Nd7 $146 ({Predecessor:} 13... c5 14. Bd3 h6 15. O-O O-O 16. Rfd1 Qc7 17. d5 Ra6 18. Nd2 Nd7 19. e4 e5 {0-1 Nguyen,P-Pham Thi Ngoc,T (2078) VIE-ch (Women) Places 2005 (1.1)}) 14. e4 (14. c5 $11) 14... Qf6 ({Black should try} 14... O-O $17 15. Rd1 Rb8) 15. Rd1 (15. e5 $11 Qg6 16. Qxg6 hxg6 17. c5) 15... h6 (15... c5 $17) 16. Bd3 (16. e5 $11 Qd8 17. Bd3) 16... Rb8 (16... e5 $15) 17. Qb3 $2 {[%emt 0:05:20] [#]} (17. e5 $16 Qe7 18. c5) 17... e5 18. Nxe5 (18. Bc2 $142) 18... Nxe5 $17 19. dxe5 Qxe5 20. O-O O-O 21. f3 (21. f4 $17 {is a better defense.} Qc5+ 22. Kh1) 21... Be6 22. Be2 (22. f4 $142 Qc5+ 23. Kh1) 22... Rfd8 $19 23. Qe3 Qc3 $2 {[%emt 0:09:46] [#]} (23... Qb2 $19 {...b3 is the strong threat.} 24. f4 Qa2) 24. Rxd8+ $11 Rxd8 25. Qxc3 bxc3 {[%emt 0:00:17][%mdl 4096] Endgame KRB-KRB} 26. Rc1 $1 Rd2 27. Kf1 Ra2 ({Don't do} 27... c2 28. Ke1 Rd7 29. Rxc2 $14) 28. Rxc3 Rxa4 29. Ke1 c5 30. Kd2 Kf8 31. Rc2 Ke7 32. Kc3 Kd7 33. Rb2 Kc6 34. f4 g6 {[%emt 0:06:36] Weighted Error Value: White=0.35/Black=0.39} 1/2-1/2

[Event "DFMM-LV 2023"]
[Site "Braunfels"]
[Date "2023.06.10"]
[Round "4.22"]
[White "Pflug, Tanja"]
[Black "Schneider, Birgit"]
[Result "1/2-1/2"]
[Annotator "TA"]
[ECO "D02"]
[WhiteElo "1994"]
[BlackElo "1855"]
[PlyCount "37"]
[EventDate "2023.06.09"]
[EventType "team-tourn"]
[EventCountry "GER"]
[SourceTitle "playchess.com"]
[Source "ChessBase"]
[SourceQuality "1"]
[TimeControl "40/5400+30:1800+30"]

1. d4 d5 2. Bf4 Nf6 3. e3 e6 4. Nd2 Bd6 5. Bg3 c5 6. c3 Nc6 7. f4 O-O 8. Bd3 b6 9. Ngf3 Qc7 10. Ne5 Bb7 11. O-O Ne7 {[%emt 0:04:27] D02: 1 d4 d5 2 Nf3 sidelines, including 2...Nf6 3 g3 and 2...Nf6 3 Bf4.} 12. Bh4 Ne4 13. g4 {[%emt 0:25:33] Repels Nf5} f6 {[%emt 0:14:18] [#] Threatens to win with ...g5. Black is slightly better.} 14. Nef3 {[%emt 0:01:19] [#]} Rae8 $146 ({Predecessor:} 14... g5 15. fxg5 Ng6 16. Qe1 fxg5 17. Bxe4 Nxh4 18. Bd3 Nxf3+ 19. Nxf3 h6 20. Qe2 Rae8 {0-1 Fernandez Sanchez,M (2097)-Chinchilla Miranda,E (2166) CRI-ch San Jose 2020 (5)}) 15. Qe2 Ng6 16. Bg3 Nxg3 17. hxg3 e5 $2 {[%emt 0:02:15] [#]} (17... Qc8 $11 {and Black stays safe.}) 18. Bxg6 hxg6 19. Nh4 $2 {[%emt 0:01:17][%mdl 40960] Weighted Error Value: White=0.17 (very precise) /Black=0.46. An unexpected result.} (19. dxe5 $16 {stays on course.} Be7 20. Qd3) 1/2-1/2

[Event "DFMM-LV 2023"]
[Site "Braunfels"]
[Date "2023.06.10"]
[Round "4.23"]
[White "Farhadyar, Kiana"]
[Black "Eue, Vicky"]
[Result "0-1"]
[Annotator "NA RC COMBH"]
[ECO "C02"]
[WhiteElo "1530"]
[BlackElo "1682"]
[PlyCount "106"]
[EventDate "2023.06.09"]
[EventType "team-tourn"]
[EventCountry "GER"]
[SourceTitle "playchess.com"]
[Source "ChessBase"]
[SourceQuality "1"]
[TimeControl "40/5400+30:1800+30"]

1. e4 e6 2. d4 d5 3. e5 c5 4. c3 Nc6 5. Nf3 Qb6 6. Be2 Bd7 7. O-O Rc8 8. b3 cxd4 9. cxd4 Nb4 10. Ne1 Ne7 11. Bb2 Nf5 12. Na3 Be7 13. Nec2 Nc6 14. Nb1 O-O 15. Qd3 a6 16. Nd2 Na5 17. Nf3 Bb5 18. Qd2 Bd7 19. Ne3 Bb4 20. Qd1 Nxe3 21. fxe3 Bc3 22. Bxc3 Rxc3 23. Qd2 Rfc8 24. Ng5 Be8 25. Bd3 g6 26. Rf2 h6 27. Nh3 Qc7 28. b4 Rc1+ 29. Rxc1 Qxc1+ 30. Qxc1 Rxc1+ 31. Rf1 Rxf1+ 32. Kxf1 Nc4 33. Bxc4 dxc4 34. Ke2 Bc6 35. g3 Kg7 36. Nf2 h5 37. e4 b5 38. Ke3 f6 39. exf6+ Kxf6 40. h4 Bb7 41. Nd1 e5 42. Nc3 Bc6 43. a3 Bb7 44. Nb1 Bc8 45. Nd2 Bg4 46. a4 c3 47. Nb3 bxa4 48. Nc1 exd4+ 49. Kxd4 c2 50. Kd5 Be6+ 51. Kd4 a3 52. Kc3 a2 53. Kb2 Ke5 0-1

[Event "DFMM-LV 2023"]
[Site "Braunfels"]
[Date "2023.06.10"]
[Round "4.25"]
[White "Rieseler, Caroline"]
[Black "Wagner, Margarethe"]
[Result "1-0"]
[Annotator "TA"]
[ECO "B90"]
[WhiteElo "2126"]
[BlackElo "1831"]
[PlyCount "151"]
[EventDate "2023.06.09"]
[EventType "team-tourn"]
[EventCountry "GER"]
[SourceTitle "playchess.com"]
[Source "ChessBase"]
[SourceQuality "1"]
[TimeControl "40/5400+30:1800+30"]

1. e4 c5 2. Nf3 d6 3. d4 cxd4 4. Nxd4 Nf6 5. Nc3 a6 6. Be3 e5 7. Nf3 Be7 8. Bc4 O-O 9. O-O Be6 10. Bb3 Nc6 11. Qe2 Na5 12. Rfd1 Nxb3 13. axb3 Qe8 {[%emt 0:00:27] B90: Sicilian Najdorf: Unusual White 6th moves, 6 Be3 Ng4 and 6 Be3 e5.} 14. h3 h6 {[%emt 0:07:11] [#]} 15. Nh4 $146 ({Predecessor:} 15. Nh2 Qc6 16. Qf3 Nh7 17. Qg3 Ng5 18. Bxg5 Bxg5 19. Qd3 Rad8 20. Nf3 Be7 21. Rac1 {½-½ Draskovic,L (2469)-Hillarp Persson,T (2528) EU-chT 23rd Terme Catez 2021 (5.2)}) 15... Qc6 {[%emt 0:10:10] The position is equal.} 16. Qf3 Rfd8 17. Nf5 Bxf5 18. Qxf5 b5 19. Rd2 b4 20. Nd5 Nxd5 21. exd5 Qd7 22. Qd3 (22. Qxd7 {simplifies} Rxd7 23. c4 bxc3 24. bxc3 Rc7 25. c4) 22... Qb7 23. Ra4 Bf6 24. Qf5 Be7 25. Qg4 a5 26. Bxh6 g6 27. Be3 {[%emt 0:00:30] White is more active.} Kg7 28. f4 (28. Qd1 $14) 28... f5 $11 29. Qf3 e4 30. Qf2 Ra6 {[%emt 0:00:30] Prevents Bb6.} (30... Bf6 $11 {feels stronger.}) 31. Bd4+ Kf7 32. Ra1 Rc8 33. c3 bxc3 34. Bxc3 Bd8 {[%emt 0:00:30] [#]} (34... Qa7 $11 {keeps the balance.} 35. Qxa7 Rxa7) 35. Kh1 (35. Qd4 $2 Bb6 36. Ra3 Bxd4+ $19) (35. Kh2 $1 $16) 35... Qb6 $14 {[%emt 0:00:30] Strongly threatening ...e3.} 36. Qd4 (36. Qe1 $14) 36... Qxd4 $11 37. Bxd4 Rb8 38. Ra3 Bf6 39. Bc3 Bh4 40. Kh2 {[%emt 0:00:30] Prevents Bg3+} Rb5 ({Better is} 40... Rab6 $11) 41. g3 Bd8 {[%emt 0:30:30] [#]} 42. b4 $1 Bf6 (42... Ra7 43. Rd1) 43. g4 e3 44. Re2 (44. Rd3 {is interesting.} e2 45. Re3 Bxc3 46. bxc3 a4 47. Rxe2 Rxd5 48. Kg2) 44... Rxd5 ({Black should try} 44... Bxc3 $14 45. Rxc3 (45. bxc3 Rxd5 46. bxa5 Rd3 $14) 45... axb4 46. Rcxe3 Ra7) 45. Rxe3 (45. Rxa5 $2 Raxa5 46. bxa5 Bxc3 47. Rxe3 (47. bxc3 $2 Rd2 $19) 47... Bxa5 48. gxf5 gxf5 $19) (45. Bxf6 {with more complications.} Rd2 46. Rxd2 exd2 47. Rd3) 45... fxg4 46. hxg4 Ra8 (46... Bxc3 $16 {was necessary.} 47. Rexc3 g5) 47. Kg3 (47. Rxa5 $6 Rdxa5 48. bxa5 Bxc3 49. Rxc3 (49. bxc3 Rxa5 50. Rf3 d5 $14) 49... Rxa5) 47... Bd8 $2 (47... g5) 48. bxa5 $18 Bxa5 49. Kf3 {[%emt 0:00:30] b4 is the strong threat.} Ra7 50. Bxa5 Raxa5 51. Rxa5 Rxa5 {[%emt 0:00:30][%mdl 4096] Endgame KR-KR} 52. b4 Rb5 {[%emt 0:00:30] [#]} 53. Rb3 d5 $2 (53... Kf6 54. Ke4 Ke6) 54. Ke3 Kf6 55. Kd4 Ke6 56. Rb1 Kd6 57. Kc3 (57. f5 gxf5 58. gxf5 Kd7 $14) 57... Kc6 58. Ra1 {[%emt 0:00:30] Black must now prevent Ra6+.} Rb6 59. Rh1 {[%emt 0:00:30] Hoping for Rh6.} Kd7 60. Rh3 $2 (60. Rh7+ $18 Ke8 61. Rh6) 60... d4+ $2 61. Kc4 (61. Kxd4 Rxb4+ 62. Ke5 Ke8 $14) 61... d3 62. Rh7+ $2 ({Inferior is} 62. Kxd3 Rxb4 63. Rh7+ Ke6 $11) (62. Rxd3+ Kc7 63. Rd5) 62... Ke8 $2 (62... Kc6 63. Rh3 (63. Kxd3 Rxb4 64. Ke3 g5 $16) 63... d2) 63. Rh3 $2 ({Weaker is} 63. Kxd3 Rxb4 64. Ke3 g5 $11) (63. Rh2 $18) 63... Rf6 $2 (63... Kd7 $11) 64. Rxd3 Rxf4+ 65. Rd4 Rf1 66. b5 Rb1 67. Kc5 Ke7 68. b6 Rb2 69. Rb4 Rc2+ 70. Rc4 Rb2 71. Kc6 Ke8 72. Kc7 Rf2 73. b7 Rf7+ 74. Kc8 Rf6 75. Kc7 Rf7+ 76. Kc8 $2 {[%emt 0:00:10][%mdl 32768] Weighted Error Value: White=0.26 (precise) /Black=0.31. Sensor Board Error (Ke4/e5)?} (76. Kb6 {mates} Rxb7+ 77. Kxb7 Kd7 78. Rc6 g5 79. Kb6 Kd8 80. Rc7 Ke8 81. Kc6) 1-0

[Event "DFMM-LV 2023"]
[Site "Braunfels"]
[Date "2023.06.10"]
[Round "4.26"]
[White "Albayrak, Nese Pinar"]
[Black "Geske, Bruna"]
[Result "0-1"]
[Annotator "TA"]
[ECO "B33"]
[WhiteElo "1763"]
[BlackElo "2054"]
[PlyCount "60"]
[EventDate "2023.06.09"]
[EventType "team-tourn"]
[EventCountry "GER"]
[SourceTitle "playchess.com"]
[Source "ChessBase"]
[SourceQuality "1"]
[TimeControl "40/5400+30:1800+30"]

1. e4 c5 2. Nf3 Nc6 3. d4 cxd4 4. Nxd4 Nf6 5. Nc3 e5 6. Ndb5 d6 7. Bg5 a6 8. Na3 b5 9. Nd5 Be7 10. Bxf6 Bxf6 11. c3 O-O 12. Be2 Bg5 13. O-O Be6 14. Nc2 Rb8 15. a4 {[%emt 0:03:17] B33: Sicilian: Pelikan and Sveshnikov Variations.} bxa4 16. Rxa4 a5 (16... Rxb2 $15 17. Bxa6 Ne7) 17. Qa1 {[%emt 0:03:14] [#] White has an edge.} f5 $146 ({Predecessor:} 17... Qd7 18. Nce3 Bxe3 19. Nxe3 Qb7 20. Rb1 Bb3 21. Ra3 a4 22. Bc4 Na5 23. Bxb3 Nxb3 24. Qa2 Nd2 25. Rd1 Qxb2 26. Rxd2 Qxa2 27. Raxa2 Rb1+ 28. Rd1 Rfb8 29. Kf1 {1-0 Doering,A (1691)-Zikeli,S (1885) Wuerttemberg-ch U16 2005 (6)}) 18. Bf3 Qd7 19. exf5 $1 Bxf5 20. Nde3 Bd3 21. Rd1 Bb5 (21... Rxf3 $14 22. Rxd3 (22. gxf3 Be2 $11) 22... Rf4) 22. Bxc6 (22. Rg4 $16 Be7 23. Na3) 22... Bxc6 $11 23. Rxa5 Qf7 24. Rd2 Bh4 25. f3 Kh8 26. Rxd6 $2 {[%emt 0:01:47] [#] Now White is beyond hope.} (26. b4 $14 {stays ahead.}) 26... Bxf3 $1 $40 {[%emt 0:01:24][%mdl 128] Black wants a kill.} 27. Qf1 {[%emt 0:03:21] [#]} (27. Rd2 Bc6 28. Qf1) 27... Qc7 $1 28. Rda6 (28. gxf3 $142 Qxd6 29. Nc4) 28... Bb7 {[%emt 0:00:42] This pair of bishops is nice.} 29. Qc1 Qf7 30. g3 (30. Ra1 $19 Qf2+ 31. Kh1) 30... Qf4 $4 {[%emt 0:18:54][%mdl 40960] An entertaining game by Geske.   Weighted Error Value: White=0.77/Black=0.25 (precise) . Loss on time!?} 0-1

[Event "DFMM-LV 2023"]
[Site "Braunfels"]
[Date "2023.06.10"]
[Round "4.27"]
[White "Barpiyeva, Gulsana"]
[Black "Albayrak, Berrak"]
[Result "1-0"]
[Annotator "TA"]
[ECO "E87"]
[WhiteElo "2023"]
[BlackElo "1664"]
[PlyCount "157"]
[EventDate "2023.06.09"]
[EventType "team-tourn"]
[EventCountry "GER"]
[SourceTitle "playchess.com"]
[Source "ChessBase"]
[SourceQuality "1"]
[TimeControl "40/5400+30:1800+30"]

1. d4 d6 2. c4 Nf6 3. Nc3 g6 4. e4 Bg7 5. f3 O-O 6. Be3 e5 7. d5 Nbd7 8. Nh3 a5 9. Qd2 {[%emt 0:00:54] White is more active. E87: King's Indian: Sämisch: 6...e5 7 d5.} Nc5 10. Nf2 Ne8 11. g4 {[%emt 0:05:57] White is better.} f5 12. gxf5 gxf5 13. Bg5 {[%emt 0:00:33] Prevents Qh4} (13. h4 $16) 13... Bf6 $14 {[%emt 0:13:44] [#]} 14. Bh6 $146 ({Predecessor:} 14. Rg1 Kh8 15. O-O-O Bxg5 16. Rxg5 f4 17. h4 Rg8 18. Nh3 Rxg5 19. hxg5 Bxh3 20. Bxh3 Qxg5 {0-1 Kowzan,P (2256)-Guliev,L (2371) Polanica Zdroj op 2001 (4)}) 14... Rf7 15. O-O-O f4 16. Bd3 (16. Rg1+ $14 Kh8 17. Nd3) 16... Kh8 $15 17. Rdg1 $2 (17. Rhg1 $15) 17... Bg7 $2 (17... Bh4 $1 $19 {[%cal Rh4f2] Strongly threatening ...Bxf2.} 18. Ng4 Nf6) 18. Bg5 Bf6 19. h4 Rg7 20. Bf1 Bxg5 21. hxg5 Rxg5 22. Nh3 Bxh3 23. Bxh3 Rxg1+ 24. Rxg1 {[%emt 0:00:02] White wants to mate with Qg2.} Qh4 (24... Nf6 $17) 25. Qg2 $36 {[%emt 0:04:20][%csl Gg1][%cal Rg2g8][%mdl 3072] White has compensation. White is more active.} Qg3 {[%emt 0:00:24] Repels Qg8+} 26. Qf1 (26. Qxg3 {simplifies} fxg3 27. Rxg3 Nf6 28. Nb5) 26... Qh4 27. Bf5 {[%emt 0:05:40] Hoping for Qg2.} (27. Qg2 $5 Qg3 28. Qxg3 fxg3 29. Rxg3 $14) 27... Nf6 $1 (27... Qh2 28. Ne2 Nf6 29. Rh1 $18) 28. Nb5 (28. Qg2 $2 Rg8 29. Qf1 Nd3+ 30. Kd2 Qh2+ 31. Ne2 Rxg1 32. Qxg1 Qxg1 33. Nxg1 Nxb2 $19) 28... Na6 (28... Qh2 29. Rg2 Qh4 30. Nxc7 $14) (28... Rg8 $1 $15 29. Rxg8+ (29. Nxc7 Nd3+ 30. Kb1 Rxg1 $11) 29... Kxg8) 29. Rh1 $11 (29. Qg2 Rg8 30. Qf1 Qh2 31. Rxg8+ Nxg8 $17) 29... Qg5 30. Qh3 Qg7 31. Qh4 Rf8 32. a3 Qg3 33. Qh6 (33. Bxh7 $2 Qxh4 34. Rxh4 Nxh7 $19) 33... Qg7 (33... Rf7 $1 $15 34. Be6 Ng8) 34. Qh3 Qg3 35. Qf1 (35. Bxh7 $2 {perishes.} Qxh3 36. Rxh3 Nxh7 $19) (35. Qh6 $11 Qg7 36. Qxg7+ Kxg7 37. Kc2) 35... Rg8 $1 $17 36. Be6 (36. Kb1 $17) 36... Rg7 $19 37. Rh3 (37. Bh3 $142) 37... Qg2 38. Qxg2 Rxg2 39. Bc8 Rg3 40. Kd2 Rg2+ $2 (40... Rg8 $19 41. Bf5 Rg2+ 42. Kc3 Rg3) 41. Kc3 $2 (41. Kc1 $1 $11) 41... Rg3 $2 ({Better is} 41... Rg8 $19 42. Bf5 Rg3) 42. b4 $2 (42. Kd2 $1 $11) 42... Rxh3 $2 (42... Nxe4+ $2 43. Kb2 Ng5 44. Rh1 axb4 45. axb4 Rxf3 46. c5 dxc5 47. d6 cxd6 48. Bxb7 Rf2+ 49. Kb3 Nxb4 50. Nxd6 $19) (42... axb4+ $19 43. Kb2 b3 44. Kxb3 Nxe4) 43. Bxh3 $11 axb4+ 44. axb4 $19 {[%emt 0:00:00][%cal Oc4c5][%mdl 4096] Endgame KBN-KNN} h5 (44... Kg7 $17) 45. c5 $1 $11 Ne8 (45... dxc5 $11 46. bxc5 c6) 46. Kc4 ({White should try} 46. c6 $1 $16 ) 46... Kg7 47. Nc3 {[%emt 0:00:00] Black must now prevent c6.} Kf6 $2 (47... dxc5 $11 {and Black is okay.} 48. bxc5 b6) 48. c6 $1 $18 b6 (48... bxc6 49. dxc6 d5+ 50. Nxd5+ (50. Kxd5 $2 {loses.} Nxb4+ 51. Kc5 Nd3+ 52. Kd5 h4 $19) 50... Kg5 51. Kb5 $18) 49. Bc8 h4 50. Nd1 (50. Bxa6 h3 51. Nd1 Kg5 $11) 50... Nb8 (50... h3 {might work better.}) 51. Nf2 Ke7 52. b5 Nf6 53. Kd3 Nh5 54. Nh3 {[%emt 0:00:00] And now Ke2 would win.} Kf6 (54... Ng3 {keeps fighting.} 55. Nf2 Kf6) 55. Ke2 Ng3+ 56. Kf2 Nh1+ 57. Kg2 $2 (57. Ke1 $18) 57... Ng3 $11 58. Nf2 Ne2 59. Nd3 $2 (59. Nd1 $11 {and White stays safe.}) 59... Nd4 $19 60. Ba6 {[%emt 0:02:02] [#]} h3+ $1 {[%emt 0:00:31][%mdl 576] Deflection} 61. Kxh3 Nxf3 {[%emt 0:00:05] Threatens to win with ...Ng5+.} 62. Kg4 {[%emt 0:00:22] [#]} Nd2 $2 (62... Nd4 $1 $19 {...Ke7 would be deadly.} 63. Nb2 Ke7) 63. Nf2 $11 Nb3 64. Nd1 $1 Nc5 65. Bc8 $1 Nxe4 66. Bf5 Nd2 67. Bc2 f3 68. Nf2 e4 $2 69. Kf4 $18 e3 70. Kxe3 Nc4+ 71. Kd4 ({Not} 71. Kxf3 Ke5 $11) 71... Ne5 72. Ne4+ Ke7 73. Ke3 Kd8 (73... Nbxc6 $142 74. bxc6 Ke8) 74. Ng5 Nf7 75. Kxf3 $4 (75. Nxf7+ {mates} Ke7 76. Ng5 f2 77. Kxf2 Kf8 78. Ne6+ Ke7 79. Nxc7 Nd7 80. Na8) 75... Ke7 $4 (75... Nxg5+ $19 76. Kf4 Nf7) 76. Kg4 (76. Nxf7 $142 Kxf7 77. Be4 Kg7 78. Kg4 Kf6 79. Kf4 Kg7 80. Kg5 Kf7 81. Bg6+ Kg7 82. Bc2) 76... Kf6 77. Nf3 $2 (77. Nxf7 $18 Kxf7 78. Kf5) 77... Nh6+ $2 (77... Ne5+ $11 78. Kf4 Nxf3) 78. Kf4 Ng8 79. Kg4 $2 {[%emt 0:00:39][%mdl 32768] Both players deserved the win here.   Weighted Error Value: White=0.52/Black=0.55. Sensor Board Error (Ke4/e5)?} (79. Nd4 $18 Ne7 80. Ke4) 1-0